 Dungeon Crawl Stone Soup version 0.29-a0-111-gbaf749a769 (webtiles) character file.

Game seed: 2262559202866105508

24 cyrus the Skirmisher (level 3, -1/23 HPs)
             Began as a Kobold Fighter on Feb 17, 2022.
             Slain by an adder (2 damage)
             ... on level 2 of the Dungeon.
             The game lasted 00:03:46 (1675 turns).

cyrus the Skirmisher (Kobold Fighter)               Turns: 1675, Time: 00:03:47

Health: -1/23      AC:  6    Str: 13    XL:     3   Next: 15%
Magic:  3/3        EV: 10    Int: 11    God:
Gold:   70         SH:  5    Dex: 14    Spells: 2/2 levels left

rFire   . . .      SeeInvis .   a - +0 rapier
rCold   . . .      Faith    .   c - +0 buckler
rNeg    . . .      Spirit   .   b - +0 scale mail
rPois   +          Reflect  .   (no helmet)
rElec   .          Harm     .   (no cloak)
rCorr   .          Rampage  .   (no gloves)
Will    .....                   (no boots)
Stlth   +.........              (no amulet)
HPRegen 0.07/turn               j - ring of poison resistance
MPRegen 0.08/turn               p - ring of flight

@: lethally poisoned (-1 -> -4), flying
A: small, no large weapons, nightstalker 3
a: no special abilities


You were on level 2 of the Dungeon.
You visited 1 branch of the dungeon, and saw 2 of its levels.

You collected 70 gold pieces.

Inventory:

Hand Weapons
 a - a +0 rapier (weapon)
Armour
 b - a +0 scale mail (worn)
 c - a +0 buckler (worn)
Jewellery
 j - a ring of poison resistance (left hand)
 p - a ring of flight (right hand)
Scrolls
 e - 2 scrolls of enchant weapon {unknown}
 f - 2 scrolls of noise {unknown}
 h - a scroll of enchant armour {unknown}
 i - 2 scrolls of fog {unknown}
 k - 2 scrolls of identify {unknown}
 m - a scroll of fear {unknown}
 n - a scroll of blinking {unknown}
Potions
 d - a potion of might
 g - a potion of attraction {unknown}
 l - 2 potions of mutation {unknown}
 o - a potion of berserk rage {unknown}


   Skills:
 + Level 3.4 Fighting
 + Level 3.3 Short Blades
 + Level 2.7 Armour
 + Level 0.4 Stealth
 + Level 2.6 Shields


You had 2 spell levels left.
You didn't know any spells.
Your spell library was empty.

Dungeon Overview and Level Annotations

Branches:
Dungeon (2/15)

Altars:

Shops:
D:1 *[??


Innate Abilities, Weirdness & Mutations

You are small and have problems with some larger weapons.
You are completely attuned to the shadows.


Message History

A hobgoblin comes into view.
You see here a wand of iceblast (10).
You block the hobgoblin's attack.
You see here 19 sling bullets.
You block the hobgoblin's attack. The hobgoblin closely misses you.
You hit the hobgoblin but do no damage.
An adder comes into view.
The hobgoblin hits you.
The adder hisses angrily.
You hit the hobgoblin but do no damage.
You hear a shout!
The hobgoblin hits you but does no damage.
The adder bites you but does no damage.
A kobold comes into view. It is wielding a +0 mace.
You hit the hobgoblin.
The hobgoblin is almost dead.
The adder bites you but does no damage. The hobgoblin barely misses you.
The adder barely misses you.
You hit the hobgoblin.
You kill the hobgoblin!
The adder bites you but does no damage.
You barely miss the adder. The adder bites you but does no damage.
The kobold throws a stone.
The stone barely misses you. The adder closely misses you.
You barely miss the adder. The adder bites you. You block the kobold's attack.
You hit the adder but do no damage. The adder barely misses you.
The adder bites you but does no damage. You block the kobold's attack.
You hit the adder but do no damage. The adder bites you.
You are poisoned.
The adder poisons you! The kobold hits you with a +0 mace.
You hit the adder but do no damage.
You feel sick. The adder bites you. The kobold hits you with a +0 mace.
* * * LOW HITPOINT WARNING * * *
You hit the adder.
The adder is severely wounded.
* * * LOW HITPOINT WARNING * * *
You feel sick. The adder bites you but does no damage.
The kobold hits you but does no damage. The adder bites you.
You die...

#### ...## .#.). ...
...# .###. ##.....
#.## #.#.###.#....
#.# #...#.#.#.## #.#
######..#.#)SK..# #.#
#........./(@..##
#.###.####..##..#....
#.....# #..##..#....
#####.####..##....###
...........##..###
####.##### #.# #.#
#.#


You could see an adder and a kobold.

Vanquished Creatures
  2 bats (D:1)
  4 endoplasms
  A goblin (D:1)
  3 hobgoblins
  A quokka (D:1)
  2 ball pythons (D:1)
  A frilled lizard (D:2)
  5 kobolds (D:1)
  3 rats
22 creatures vanquished.

Notes
Turn   | Place    | Note
-------+----------+-------------------------------------------
     0 | D:1      | cyrus the Kobold Fighter began the quest for the Orb.
     0 | D:1      | Reached XP level 1. HP: 14/14 MP: 1/1
   143 | D:1      | Found Fiqot's Magic Scroll Shop.
   355 | D:1      | Upgraded the game from 0.29-a0-106-g0a07039d5a to
                  | 0.29-a0-111-gbaf749a769
   378 | D:1      | Reached XP level 2. HP: 19/19 MP: 2/2
   817 | D:1      | Found Hazo's Antique Armour Shop.
  1015 | D:1      | Found Irog's Magic Scroll Shoppe.
  1110 | D:1      | Found Lycez's Assorted Antiques.
  1552 | D:2      | Reached XP level 3. HP: 23/23 MP: 3/3
  1675 | D:2      | HP: 1/23 [poisoned by an adder]
  1675 | D:2      | Slain by an adder

Illustrated notes

Levels and vault maps discovered:
D:1:      elethiomel_arrival_quiet, layout_basic, serial_shops,
          nicolae_shop_behind_doors,
          nicolae_shop_temple_entry_statues_fountains, shop_scrolls,
          nicolae_shop_waterfront, minmay_crystal_room
D:2:      layout_loops_ring, hellmonk_ecumenical_altar_watching_god,
          serial_shops, nicolae_lakefront_shop, minmay_increasing_density,
          uniq_sigmund

Skill      XL: |  1  2 |
---------------+-------+-----
Short Blades   | 3 |  3.3
Fighting       | |  3.4
Armour         | |  2.7
Stealth        | |  0.4
Shields        | |  2.6

Action                   || total
-------------------------++-------
Melee: Rapier            ||    79
 Stab: Sleeping          ||     1
Armor: Scale mail        ||    39
Dodge: Dodged            ||    44
Block: Buckler           ||    29

Table legend: (Time is in decaauts)
 A = Elapsed time spent in this place.
 B = Non-inter-level travel time spent in this place.
 C = Inter-level travel time spent in this place.
 D = Time resting spent in this place.
 E = Time spent auto-exploring this place.
 F = Levels seen in this place.
 G = Mean time per level.
                   A        B        C        D        E       F      G
               +--------+--------+--------+--------+--------+-----+--------+
         Total |   1684 |   1637 |     47 |      0 |   1363 |   2 |  842.0 |
       Dungeon |   1684 |   1637 |     47 |      0 |   1363 |   2 |  842.0 |
               +--------+--------+--------+--------+--------+-----+--------+

Top non-repeatable levels by time:
     D:1: 1550 daAuts
     D:2: 134 daAuts
